 Dungeon Crawl Stone Soup version 0.28.0-45-g0d030f2227 (webtiles) character file.

Game seed: 7225165052234309747

16111 protoss039 the Thaumaturge (level 12, -3/76 HPs)
             Began as a Gargoyle Earth Elementalist on May 9, 2022.
             Was a Believer of Vehumet.
             Killed by divine providence
             ... invoked by a meliai
              (12 damage)
             ... on level 11 of the Dungeon.
             The game lasted 00:25:11 (16260 turns).

protoss039 the Thaumaturge (GrEE)                  Turns: 16260, Time: 00:25:12

Health: -3/76      AC: 21    Str: 13    XL:     12   Next: 34%
Magic:  31/37      EV: 11    Int: 20    God:    Vehumet [**....]
Gold:   617        SH:  5    Dex: 10    Spells: 25/35 levels left

rFire   . . .      SeeInvis .   H - +5 spear (flame)
rCold   . . .      Faith    .   y - +0 buckler
rNeg    + . .      Spirit   .   P - +0 acid dragon scales
rPois   ∞          Reflect  .   t - +0 helmet
rElec   +          Harm     .   n - +0 cloak
rCorr   +          Rampage  .   O - +0 pair of gloves
Will    .....                   i - +0 pair of boots
Stlth   +.........              (no amulet)
HPRegen 0.22/turn               K - ring of magical power
MPRegen 0.25/turn               p - ring of wizardry

@: no status effects
A: sickness immunity, AC +8, negative energy resistance 1, electricity
resistance, torment resistance 1, petrification resistance
a: Renounce Religion


You were on level 11 of the Dungeon.
You worshipped Vehumet.
Vehumet was pleased with you.
You visited 2 branches of the dungeon, and saw 12 of its levels.

You collected 617 gold pieces.

Inventory:

Hand Weapons
 m - a +2 hand axe of flaming
 H - a +5 spear of flaming (weapon)
Missiles
 c - 189 stones
Armour
 i - a +0 pair of boots (worn)
 n - a +0 cloak (worn)
 t - a +0 helmet (worn)
 w - a +2 robe of fire resistance
 y - a +0 buckler (worn)
 O - a +0 pair of gloves (worn)
 P - +0 acid dragon scales (worn)
Magical Staves
 j - a staff of conjuration
Jewellery
 p - a ring of wizardry (right hand)
 K - a ring of magical power (left hand)
 L - a ring of magical power
Wands
 b - a wand of flame (10)
 v - a wand of paralysis (6)
 x - a wand of digging (2)
 B - a wand of charming (4)
 F - a wand of iceblast (19)
 I - a wand of polymorph (10)
Scrolls
 d - 3 scrolls of enchant weapon
 e - 2 scrolls of fog {unknown}
 g - 5 scrolls of immolation
 h - a scroll of summoning {unknown}
 k - a scroll of identify
 r - 3 scrolls of amnesia {unknown}
 s - 2 scrolls of magic mapping
 C - a scroll of fear
 D - 3 scrolls of teleportation
 M - a scroll of enchant armour
 T - a scroll of acquirement {unknown}
Potions
 a - a potion of brilliance {unknown}
 f - 3 potions of curing
 l - 2 potions of degeneration {unknown}
 o - 3 potions of might {unknown}
 q - 4 potions of berserk rage {unknown}
 z - 2 potions of attraction {unknown}
 A - 2 potions of heal wounds {unknown}
 E - a potion of flight {unknown}
 G - 3 potions of haste {unknown}
 J - 2 potions of cancellation {unknown}
 N - 5 potions of resistance {unknown}
 S - a potion of lignification {unknown}
Miscellaneous
 u - a phial of floods
 R - a condenser vane


   Skills:
 - Level 9.0 Fighting
 - Level 6.0 Armour
 - Level 1.5 Dodging
 - Level 2.1 Stealth
 - Level 6.0 Shields
 * Level 12.4 Spellcasting
 - Level 6.0 Conjurations
 - Level 1.0 Transmutations
 - Level 9.0 Earth Magic
 - Level 3.0 Poison Magic


You had 25 spell levels left.
You knew the following spells:

 Your Spells              Type           Power      Damage    Failure   Level
a - Sandblast             Erth           96%        2d20      1%          1
b - Passwall              Tmut/Erth      26%        N/A       1%          2
c - Stone Arrow           Conj/Erth      84%        3d12      1%          3
d - Olgreb's Toxic Radia  Pois           24%        N/A       12%         4

Your spell library contained the following spells:

 Spells                   Type           Power      Damage    Failure   Level
 Dazzling Flash           Conj/Hex       48%        N/A       3%          3
 Sting                    Tmut/Pois      80%        1d7       1%          1
 Poisonous Vapours        Pois/Air       36%        N/A       3%          2
 Apportation              Tloc           24%        N/A       4%          1
 Petrify                  Tmut/Erth      32%        N/A       4%          4
 Hailstorm                Conj/Ice       24%        3d7       12%         4
 Ice Form                 Ice/Tmut       14%        N/A       30%         4
 Animate Dead             Necr           6%         N/A       34%         4
 Alistair's Intoxication  Tmut/Pois      13%        N/A       41%         5
 Metabolic Englaciation   Hex/Ice        6%         N/A       69%         5
 Summon Forest            Summ/Tloc      6%         N/A       69%         5
 Eringya's Noxious Bog    Tmut/Pois      10%        N/A       92%         6
 Simulacrum               Ice/Necr       6%         N/A       99%         6
 Haunt                    Necr/Summ      6%         N/A       100%        7
 Summon Hydra             Summ           6%         N/A       100%        7
 Infestation              Necr           6%         N/A       100%        8
 Statue Form              Tmut/Erth      Unusable   N/A       N/A         6

Dungeon Overview and Level Annotations

Branches:
Dungeon (11/15)            Temple (1/1) D:4            Lair (0/6) D:9
    Orc: D:9-12

Altars:
Ashenzari
Cheibriados
Dithmenos
Elyvilon
Fedhas
Gozag
Hepliaklqana
Kikubaaqudgha
Makhleb
Nemelex Xobeh
Okawaru
Qazlal
Ru
Sif Muna
Trog
Uskayaw
Vehumet
Wu Jian
Xom
Yredelemnul
Zin
The Shining One

Shops:
D:1 =!   D:5 *


Innate Abilities, Weirdness & Mutations

You are immune to sickness and miasma.
Your stone body is resilient. (AC +8)
You are immune to poison.
You resist negative energy. (rN+)
You are resistant to electric shocks. (rElec)
You are resistant to unholy torment.
You are immune to petrification.


Message History

The meliai invokes the aid of its god against you.
Something smites you!
* * * LOW HITPOINT WARNING * * *
The meliai hits you but does no damage. The meliai closely misses you.
The meliai calls upon its god to heal the meliai.
The meliai is healed somewhat.
Casting: Stone Arrow (safe; 1% risk of failure)
Confirm with . or Enter, or press ? or * to list all spells.
Aiming: Stone Arrow (safe; 1% risk of failure)
Press: ? - help, Shift-Dir - straight line, f/p - meliai
Aim: a meliai, wielding a +0 hand axe and wearing a +0 robe (moderately wounded, 64% to hit)
The stone arrow hits the meliai!
The meliai is severely wounded.
The meliai calls down the wrath of its god upon you.
Something smites you!
* * * LOW HITPOINT WARNING * * *
Unknown command.
You feel better. The meliai misses you.
The meliai stings you but does no damage.
The meliai misses you.
The meliai stings you but does no damage.
Okay, then.
Casting: Stone Arrow (safe; 1% risk of failure)
Confirm with . or Enter, or press ? or * to list all spells.
Aiming: Sandblast (safe; 1% risk of failure)
Press: ? - help, Shift-Dir - straight line, f/p - meliai
Aim: a meliai, wielding a +0 hand axe and wearing a +0 robe (severely wounded, 74% to hit)
The blast of sand hits the meliai!!
You kill the meliai!
Vehumet accepts your kill. The meliai hits you with a +0 hand axe!
* * * LOW HITPOINT WARNING * * *
The meliai stings you but does no damage.
You block the meliai's attack. The meliai closely misses you.
Unknown command.
You feel better. The meliai barely misses you. The meliai stings you!
* * * LOW HITPOINT WARNING * * *
The meliai calls down the wrath of its god upon you.
Something smites you!
You die...

#.......# #..<#
#..###..# #...# #..#
#..# #...# #..# #..#
#...# #..# #..# #...#
#..# #..# #...# #..#
#..# #..y# #..# #..#
#.)@# #..# #..# #..)#
#..# #..# #...# #..#
#..# #...# #..# #..#
#...# #..# #..# #...#
#..# #..# #[..# #..#
#..# #...# #..# #..#
.####...#######..###..#


You could see a meliai.

Vanquished Creatures
  An ogre mage (D:10)
  4 two-headed ogres
  Pikel (D:9)
  2 ugly things
  2 cyclopes (D:9)
  A manticore (D:9)
  2 gargoyles
  An efreet (D:10)
  A kobold demonologist (D:11)
  A komodo dragon (D:11)
  A troll (D:11)
  2 meliai (D:11)
  Grinder (D:4)
  A slime creature (D:9)
  A hornet (D:10)
  3 shadows
  A wraith (D:10)
  5 wyverns
  13 yaks
  A basilisk (D:9)
  2 steam dragons
  An acid dragon (D:9)
  2 orc warriors
  3 water moccasins
  2 sky beasts (D:6)
  2 black bears
  An ice beast (D:6)
  2 necrophages
  3 ogres
  4 centaurs
  3 lemures (D:9)
  4 kobold brigands
  3 bullfrogs
  A gnoll sergeant (D:4)
  A scorpion (D:9)
  14 killer bees
  4 wights (D:8)
  A howler monkey (D:6)
  2 electric eels (D:8)
  4 centaur zombies
  4 bullfrog zombies
  A gnoll shaman (D:7)
  2 hounds
  4 jellies
  A centaur skeleton (D:6)
  5 orc priests
  Terence (D:3)
  3 iguanas
  3 orc wizards
  A centaur simulacrum (D:10)
  A hound skeleton (D:4)
  A hound zombie (D:5)
  2 howler monkey zombies
  3 adders
  18 gnolls
  2 worms
  2 dart slugs
  11 orcs
  6 bats
  4 endoplasms
  2 giant cockroaches
  4 goblins
  7 hobgoblins
  8 jackals
  9 kobolds
  3 quokkas
  11 ball pythons
  3 frilled lizards
  5 rats
231 creatures vanquished.

Vanquished Creatures (others)
  2 killer bees (D:7)
  A fungus (D:9)
  11 plants (D:9)
14 creatures vanquished.

Grand Total: 245 creatures vanquished

Notes
Turn   | Place    | Note
-------+----------+-------------------------------------------
     0 | D:1      | protoss039 the Gargoyle Earth Elementalist began the quest
                  | for the Orb.
     0 | D:1      | Reached XP level 1. HP: 10/10 MP: 3/3
    48 | D:1      | Reached skill level 1 in Transmutations
   111 | D:1      | Reached skill level 1 in Fighting
   111 | D:1      | Reached XP level 2. HP: 16/16 MP: 1/5
   539 | D:1      | Found Vihitul's Jewellery Boutique.
   726 | D:1      | Reached XP level 3. HP: 18/21 MP: 6/6
  1251 | D:1      | Found Liginoma's Distillery.
  1453 | D:2      | Learned a level 2 spell: Passwall
  1457 | D:2      | Learned a level 3 spell: Stone Arrow
  2033 | D:2      | Reached XP level 4. HP: 17/27 MP: 2/7
  2383 | D:2      | Reached skill level 1 in Conjurations
  3110 | D:3      | Found a snail-covered altar of Cheibriados.
  3140 | D:3      | Reached XP level 5. HP: 16/32 MP: 5/9
  3399 | D:3      | Reached skill level 3 in Spellcasting
  3587 | D:3      | Noticed Terence
  3688 | D:3      | Reached skill level 5 in Earth Magic
  3715 | D:3      | Reached XP level 6. HP: 37/37 MP: 1/10
  4066 | D:3      | Found a faded altar of an unknown god.
  4336 | D:4      | Noticed a necrophage
  4341 | D:4      | Killed a necrophage
  4342 | D:4      | Reached skill level 1 in Armour
  4460 | D:4      | Found a basalt altar of Yredelemnul.
  4550 | D:4      | Noticed a black bear
  4553 | D:4      | Killed a black bear
  4554 | D:4      | Reached XP level 7. HP: 42/42 MP: 5/12
  4700 | D:4      | Found a staircase to the Ecumenical Temple.
  4713 | Temple   | Entered the Ecumenical Temple
  4907 | Temple   | Became a worshipper of Vehumet
  5156 | D:4      | Noticed Grinder
  5160 | D:4      | Killed Grinder
  5493 | D:3      | Killed Terence
  5563 | D:5      | Entered Level 5 of the Dungeon
  5563 | D:5      | Found Punlyax's General Store.
  5696 | D:5      | Reached skill level 4 in Spellcasting
  5999 | D:5      | Reached XP level 8. HP: 48/48 MP: 7/14
  6084 | D:5      | Reached skill level 5 in Fighting
  6644 | D:5      | Reached skill level 1 in Shields
  7182 | D:6      | Found a hide-covered altar of Uskayaw.
  7725 | D:6      | Reached XP level 9. HP: 55/55 MP: 9/16
  7781 | D:6      | Reached skill level 5 in Spellcasting
  9150 | D:7      | Learned a level 4 spell: Olgreb's Toxic Radiance
  9211 | D:7      | Reached skill level 5 in Conjurations
  9534 | D:7      | Reached skill level 1 in Poison Magic
 10306 | D:8      | Reached skill level 5 in Armour
 10785 | D:8      | Reached * piety under Vehumet
 10785 | D:8      | Offered knowledge of Freeze by Vehumet.
 11190 | D:9      | Reached XP level 10. HP: 63/63 MP: 5/18
 11213 | D:9      | Reached skill level 6 in Spellcasting
 11638 | D:9      | Found a staircase to the Lair.
 11643 | D:9      | Noticed a two-headed ogre
 11691 | D:9      | Noticed Pikel
 11707 | D:9      | Killed Pikel
 11708 | D:9      | Reached skill level 5 in Shields
 11846 | D:9      | Noticed a gargoyle
 11859 | D:9      | Killed a gargoyle
 12102 | D:9      | Killed a two-headed ogre
 12171 | D:9      | Reached skill level 7 in Spellcasting
 12328 | D:9      | Noticed a two-headed ogre
 12353 | D:8      | Killed a two-headed ogre
 12354 | D:8      | Reached XP level 11. HP: 31/69 MP: 22/22
 12619 | D:9      | Found an ornate altar of the Wu Jian Council.
 12853 | D:9      | Noticed a manticore
 12855 | D:9      | Noticed a cyclops
 12856 | D:9      | Killed a manticore
 12861 | D:9      | Killed a cyclops
 13061 | D:9      | Noticed a brown ugly thing
 13063 | D:9      | Noticed a cyclops
 13186 | D:9      | Reached skill level 8 in Spellcasting
 13239 | D:9      | Killed a brown ugly thing
 13307 | D:9      | Killed a cyclops
 13851 | D:10     | Entered Level 10 of the Dungeon
 13873 | D:10     | Reached ** piety under Vehumet
 13873 | D:10     | Offered knowledge of Foxfire by Vehumet.
 14039 | D:10     | Reached skill level 9 in Spellcasting
 14139 | D:10     | Noticed an ogre mage
 14144 | D:10     | Killed an ogre mage
 14343 | D:10     | Reached skill level 10 in Spellcasting
 14946 | D:10     | Noticed a two-headed ogre
 14960 | D:10     | Killed a two-headed ogre
 14964 | D:10     | Reached skill level 11 in Spellcasting
 14982 | D:10     | Reached XP level 12. HP: 34/76 MP: 10/27
 15969 | D:11     | Noticed a two-headed ogre
 15979 | D:11     | Offered knowledge of Dazzling Flash by Vehumet.
 15981 | D:11     | Killed a two-headed ogre
 15982 | D:11     | Reached skill level 12 in Spellcasting
 16260 | D:11     | Killed from afar by a meliai

Illustrated notes

Levels and vault maps discovered:
D:1:      dpeg_arrival_fog, layout_loops_corners, serial_shops,
          nicolae_diamond_shop, nicolae_lakefront_shop
D:2:      layout_basic, nicolae_figureground_pulse
D:3:      layout_loops_ring, lemuel_doored_altar,
          hellmonk_ecumenical_altar_inner_sanctum, eino_tiny_chamber,
          uniq_terence
D:4:      layout_cave_pools, kennysheep_mini_moat, minmay_temple_entry_glass,
          uniq_grinder
D:5:      layout_layer_cave, serial_shops, nicolae_stop_n_shop_2, minivault_5
D:6:      layout_basic, lemuel_coloured_pillars_altar
D:7:      layout_gridville, minmay_stone_trees_small
D:8:      statuecave_lemuel, layout_rooms, kennysheep_diamond,
          chequers_decorated_corner, hangedman_decor_slide_cut
D:9:      minmay_tri_box, layout_loops_cross, nzn_wu_jian_contemplation,
          minmay_lair_entry_grove, uniq_pikel
D:10:     minmay_diamond_stairs, layout_basic, minmay_joined_circles
D:11:     layout_long_grid, gammafunk_ghost_grave
Temple:   regret_index_temple_mists

Skill      XL: |  1  2  3  4  5  6  7  8  9 10 11 12 |
---------------+-------------------------------------+-----
Transmutations | 1 |  1.0
Fighting       | 1 2 3 4 6 7 8 9 |  9.0
Earth Magic    | 4 5 6 7 8 9 |  9.0
Conjurations   | 1 2 3 4 5 6 |  6.0
Spellcasting   | 3 4 5 7 11 12 | 12.4
Armour         | 2 3 4 5 6 |  6.0
Shields        | 2 4 6 |  6.0
Poison Magic   | 2 3 |  3.0
Dodging        | |  1.5
Stealth        | |  2.1

Action                   |  1- 3 |  4- 6 |  7- 9 | 10-12 || total
-------------------------+-------+-------+-------+-------++-------
Melee: Short sword       |    27 |       |       |       ||    27
       Unarmed           |     3 |       |       |       ||     3
       Mace              |    15 |    43 |    46 |       ||   104
       Spear             |    13 |       |    17 |   120 ||   150
       Staff             |       |     1 |     8 |       ||     9
 Cast: Sandblast         |    27 |    42 |    20 |    44 ||   133
       Stone Arrow       |       |     9 |   114 |   128 ||   251
       Olgreb's Toxic Ra |       |       |       |    13 ||    13
       Passwall          |       |       |       |     1 ||     1
Evoke: Wand              |       |       |     5 |     4 ||     9
  Use: Scroll            |       |       |    11 |     2 ||    13
       Potion            |       |       |       |     2 ||     2
 Stab: Sleeping          |     5 |     1 |       |       ||     6
Armor: Robe              |    31 |    37 |       |       ||    68
       Ring mail         |       |       |    59 |    69 ||   128
       Acid dragon scale |       |       |       |    45 ||    45
Dodge: Dodged            |    43 |    38 |    69 |    95 ||   245
Block: Buckler           |       |       |    22 |    43 ||    65
